 Dungeon Crawl Stone Soup version 0.27-a0-869-g165b36e3f0 (webtiles) character file.

Game seed: 12172019375345580542

787 jestyr24 the Magician (level 7, -14/47 HPs)
             Began as a Djinni Fire Elementalist on Apr 2, 2021.
             Shot with an arrow by a centaur (18 damage)
             ... on level 5 of the Dungeon.
             The game lasted 00:33:54 (5049 turns).

jestyr24 the Magician (Djinni Fire Elementalist)    Turns: 5049, Time: 00:33:58

Health: -14/47     AC:  3    Str: 13    XL:     7   Next: 87%
Gold:   204        EV: 13    Int: 19    God:
                   SH:  0    Dex: 13

rFire    + + .     SeeInvis .   n - +0 dagger (venom)
rCold    x . .     Faith    .   (no shield)
rNeg     . . .     Spirit   .   a - +0 robe
rPois    ∞         Reflect  .   (no helmet)
rElec    .         Harm     .   m - +0 cloak
rCorr    .         Rampage  .   (no gloves)
Will     .....                  (boots unavailable)
Stlth    ++........             (no amulet)
HPRegen  0.15/turn              p - +6 ring of strength
MPRegen  0.00/turn              (no ring)

@: flying
A: fire resistance 2, cold vulnerability 1, float, innate caster, hp casting,
extra vitality 1
a: no special abilities


You were on level 5 of the Dungeon.
You visited 1 branch of the dungeon, and saw 5 of its levels.

You collected 204 gold pieces.

Inventory:

Hand Weapons
 k - a +0 dagger
 n - a +0 dagger of venom (weapon)
 u - a +0 mace of holy wrath
Missiles
 i - 72 bolts
 r - 7 silver javelins
Armour
 a - a +0 robe (worn)
 m - a +0 cloak (worn)
Jewellery
 p - a +6 ring of strength (left hand)
Wands
 q - a wand of flame (18)
Scrolls
 c - a scroll of silence
 d - a scroll of noise {unknown}
 e - 2 scrolls of magic mapping
 f - a scroll of teleportation
 g - a scroll of blinking {unknown}
 o - 2 scrolls of vulnerability {unknown}
 s - a scroll of enchant armour {unknown}
 v - 2 scrolls of fear {unknown}
Potions
 b - 2 potions of curing
 h - a potion of heal wounds {unknown}
 j - a potion of mutation {unknown}
 t - a potion of lignification {unknown}


   Skills:
 + Level 1.4 Fighting
 + Level 1.1 Short Blades
 * Level 4.9 Dodging
 + Level 3.0 Stealth
 + Level 0.9 Unarmed Combat
 + Level 5.9 Spellcasting


You couldn't memorise any spells.
You knew the following spells:

 Your Spells              Type           Power      Damage    Failure   Level
a - Foxfire               Conj/Fire      100%       2x1d9     1%          1
b - Conjure Flame         Conj/Fire      28%        6-21      3%          3
c - Inner Flame           Hex/Fire       28%        N/A       3%          3
d - Sticky Flame          Conj/Fire      28%        2d5       10%         4
e - Fireball              Conj/Fire      14%        3d8       28%         5
f - Animate Skeleton      Necr           56%        N/A       1%          1
g - Searing Ray           Conj           56%        3d5       1%          2
h - Spider Form           Tmut/Pois      14%        N/A       3%          3
Your spell library was empty.

Dungeon Overview and Level Annotations

Branches:
Dungeon (5/15)
 Temple: D:4-7

Altars:

Shops:
D:3 [


Innate Abilities, Weirdness & Mutations

You are immune to poison.
Your flesh is very heat resistant. (rF++)
You are vulnerable to cold. (rC-)
You float through the air rather than walking.
You learn spells naturally, not from books.
Your magical power is your life essence.
You have superior vitality. (+4 HP)


Message History

The foxfire hits the scorpion but does no damage.
The scorpion is lightly wounded.
The scorpion is engulfed in blazing flames.
Flame seeps out of the scorpion.
The foxfire hits the scorpion.
Flame seeps out of the scorpion.
The scorpion is almost dead.
Casting: Foxfire (safe; 1% risk of failure)
Confirm with . or Enter, or press ? or * to list all spells.
You conjure some foxfire!
The scorpion is engulfed in blazing flames.
The scorpion explodes!
You hear a shout!
You start resting.
Your foxfire dissipates!
You start resting.
Your foxfire dissipates!
You start resting.
Your foxfire dissipates!
A centaur comes into view.
Casting: Foxfire (safe; 1% risk of failure)
Confirm with . or Enter, or press ? or * to list all spells.
Aiming: Inner Flame (dangerous; 3% risk of failure)
Press: ? - help, Shift-Dir - straight line, f - centaur
Aim: a centaur, quivering arrows (chance to affect: 83%)
The centaur is filled with an inner flame.
Really fly into that cloud of flame? [Y]es or [N]o only, please.
Really fly into that cloud of flame? [Y]es or [N]o only, please.
Really fly into that cloud of flame? [Y]es or [N]o only, please.
Really fly into that cloud of flame?
Okay, then.
Casting: Inner Flame (dangerous; 3% risk of failure)
Confirm with . or Enter, or press ? or * to list all spells.
You conjure some foxfire!
The centaur wields a +0 shortbow.
The centaur shoots an arrow.
The arrow hits you!
* * * LOW HITPOINT WARNING * * *
The centaur shoots an arrow.
The arrow hits you!!
You die...

#.# ##.### #. .. #....
.. #. #..# c# #..
.#######..#### §# #####.
.............##.# #.....
########..#☼.○#.# #
#...#. #..#.○v#.#
#.####...#. #...°.v@.#
#......"..
#............###........
##.....<.##.## ##......(
#.#...#... # ##..<.##
#.#...#### #.#...##
#.##.... #......##
#.####### #.#<######
##.## .##. # ##...## . #


You could see a centaur (inner flame, ally target).

Vanquished Creatures
  Duvessa (D:4)
  A black bear (D:5)
  An ogre (D:2)
  A scorpion (D:5)
  Dowan (D:4)
  A water moccasin skeleton (D:2)
  2 orc priests
  2 iguanas
  4 orc wizards (D:3)
  A howler monkey zombie (D:5)
  4 adders
  A worm (D:3)
  A dart slug (D:3)
  12 orcs
  8 ball pythons
  8 endoplasms
  4 giant cockroaches
  6 goblins
  7 hobgoblins
  10 jackals
  2 quokkas
  6 bats
  3 frilled lizards
  11 kobolds
  3 rats
101 creatures vanquished.

Vanquished Creatures (collateral kills)
  A foxfire (D:1)
1 creature vanquished.

Vanquished Creatures (others)
  224 foxfires
224 creatures vanquished.

Grand Total: 326 creatures vanquished

Notes
Turn   | Place    | Note
-------+----------+-------------------------------------------
     0 | D:1      | jestyr24 the Djinni Fire Elementalist began the quest for
                  | the Orb.
     0 | D:1      | Reached XP level 1. HP: 15/15 MP: 0/0
    28 | D:1      | Found a faded altar of an unknown god.
   214 | D:1      | Reached skill level 3 in Spellcasting
   219 | D:1      | Reached XP level 2. HP: 15/21 MP: 0/0
   932 | D:1      | Reached XP level 3. HP: 24/25 MP: 0/0
   932 | D:1      | Learned a level 1 spell: Animate Skeleton
  1745 | D:2      | Noticed an ogre
  1750 | D:2      | Killed an ogre
  1751 | D:2      | Reached skill level 4 in Spellcasting
  1751 | D:2      | Reached XP level 4. HP: 24/31 MP: 0/0
  1751 | D:2      | Reached XP level 5. HP: 27/35 MP: 0/0
  1751 | D:2      | Learned a level 2 spell: Searing Ray
  3135 | D:3      | Reached XP level 6. HP: 8/40 MP: 0/0
  3508 | D:3      | Reached skill level 5 in Spellcasting
  3767 | D:3      | Found Huvior's Antique Armour Shop.
  4254 | D:4      | Noticed Dowan
  4256 | D:4      | Noticed Duvessa
  4264 | D:4      | Killed Dowan
  4265 | D:4      | Reached skill level 1 in Fighting
  4265 | D:4      | Reached XP level 7. HP: 39/47 MP: 0/0
  4265 | D:4      | Learned a level 3 spell: Spider Form
  4265 | D:4      | Killed Duvessa
  4903 | D:5      | Entered Level 5 of the Dungeon
  4984 | D:5      | Reached skill level 1 in Short Blades
  5049 | D:5      | Shot with an arrow by a centaur

Illustrated notes

Levels and vault maps discovered:
D:1:      wander_arrival_lonely_grave, layout_rooms, basic_ecumenical_altar,
          serial_park_tiny_2, chequers_serial_rivers_large_a, solitary_fountain,
          minmay_misc_feat_iff, kennysheep_boxes
D:2:      layout_loops_corners
D:3:      layout_basic, serial_shops, nicolae_shop_crystal,
          kennysheep_generic_room_2
D:4:      layout_loops_ring, kennysheep_generic_room_6, uniq_duvessa
D:5:      layout_loops_ring, lemuel_coloured_pillars_altar

Skill      XL: |  1  2  3  4  5  6  7 |
---------------+----------------------+-----
Spellcasting   | 3 4 5 |  5.9
Dodging        | 3 4 |  4.9
Stealth        | 2 3 |  3.0
Fighting       | 1 |  1.4
Short Blades   | 1 |  1.1
Unarmed Combat | |  0.9

Action                   |  1- 3 |  4- 6 |  7- 9 || total
-------------------------+-------+-------+-------++-------
Melee: Unarmed           |    10 |     3 |       ||    13
       Dagger            |       |    28 |     3 ||    31
 Cast: Foxfire           |    47 |    72 |    19 ||   138
       Inner Flame       |     3 |     6 |     7 ||    16
       Animate Skeleton  |     1 |       |       ||     1
       Searing Ray       |       |     3 |       ||     3
       Conjure Flame     |       |     2 |       ||     2
  Use: Scroll            |       |       |     5 ||     5
 Stab: Sleeping          |       |       |     2 ||     2
Armor: Robe              |     3 |    11 |     1 ||    15
Dodge: Dodged            |    13 |    37 |     5 ||    55

Table legend: (Time is in decaauts)
 A = Elapsed time spent in this place.
 B = Non-inter-level travel time spent in this place.
 C = Inter-level travel time spent in this place.
 D = Time resting spent in this place.
 E = Time spent auto-exploring this place.
 F = Levels seen in this place.
 G = Mean time per level.
                   A        B        C        D        E       F      G
               +--------+--------+--------+--------+--------+-----+--------+
         Total |   5045 |   4976 |     69 |   1641 |   2119 |   5 | 1009.0 |
       Dungeon |   5045 |   4976 |     69 |   1641 |   2119 |   5 | 1009.0 |
               +--------+--------+--------+--------+--------+-----+--------+

Top non-repeatable levels by time:
     D:3: 1450 daAuts
     D:2: 1335 daAuts
     D:1: 1148 daAuts
     D:4: 965 daAuts
     D:5: 145 daAuts
